AoeStats
← GAX | Urubu

MegaRandom

507880473Analyzed
4v4 RM · 13d ago on Sep 20, 2026· 11m 53s· 8 players
Game mode
Random Map
Map size
Large (8 player)
Population
200
Speed
Normal
Resources
Standard
Victory
Conquest
Starting age
Dark Age
Ending age
Imperial Age
RankedLock teamsTeams togetherTeam positionsShared explorationLock speedFull tech treeHidden civsTurbo modeCheats
Victory
Defeat
🇺🇸 Franks · United States
1623
+13
🇨🇱 Ethiopians · Chile
1556
+16
🇺🇸 Maya · United States
1480
+19
🇻🇳 Magyars · Vietnam
1467
+19
🇧🇷 Huns · Brazil
1605
-19
🇧🇷 Muisca · Brazil
1578
-18
🇧🇷 Jurchens · Brazil
1532
-16
🇧🇷 Italians · Brazil
1477
-14
mu hehe
New Friendly Player
0:29 Loom
8man
AiM | PoRRo
5:05 Loom
12:03 Feudal Age
GAX | Kareca
6:29 Loom
GAX | Urubu
6:25 Loom
GAX | lee17-han
8:22 Loom
10:28 Feudal Age
GAX | Flanq
7:24 Loom
12:24 Feudal Age
Connection lost

Rejoining the realm…

Still unreachable

The connection could not be restored.

Session expired

The server has moved on; the page needs a fresh start.